AoeStats
← Mebossmer

Black Forest

508959979Analyzed
3v3 RM · 8d ago on Sep 24, 2026· 48m 15s· 6 players
Game mode
Random Map
Map size
Normal (6 player)
Population
200
Speed
Normal
Resources
Standard
Victory
Conquest
Starting age
Dark Age
Ending age
Imperial Age
RankedLock teamsTeams togetherTeam positionsShared explorationLock speedFull tech treeHidden civsTurbo modeCheats
Victory
Defeat
🇹🇷 Teutons · Türkiye
957
+17
🇹🇷 Khmer · Türkiye
926
+18
🇹🇷 Mongols · Türkiye
922
+18
🇩🇪 Mongols · Germany
1025
-20
🇩🇪 Hindustanis · Germany
963
-17
🇩🇪 Spanish · Germany
940
-16
76561198089966853
3:31 Loom
13:07 Feudal Age
13:55 Double-Bit Axe
15:33 Wheelbarrow
14:55 Horse Collar
19:49 Castle Age
20:40 Bow Saw
20:46 Hand Cart
21:14 Heavy Plow
23:22 Stone Mining
24:46 Gold Mining
29:18 Stone Shaft Mining
29:33 Gold Shaft Mining
33:35 Imperial Age
33:50 Ballistics
35:00 Scale Barding Armor
35:07 Forging
34:47 Heavy Scorpion
37:26 Chain Barding Armor
37:13 Siege Engineers
37:27 Husbandry
38:31 Conscription
38:13 Double Crossbow
38:35 Caravan
38:53 Elite Battle Elephant
40:19 Crop Rotation
40:56 Chemistry
40:07 Masonry
41:07 Plate Barding Armor
41:07 Iron Casting
42:24 Bloodlines
48:33 Blast Furnace
rabbuke
3:30 Loom
11:08 Feudal Age
11:34 Double-Bit Axe
12:49 Horse Collar
17:11 Castle Age
18:10 Bow Saw
21:48 Heavy Plow
26:26 Wheelbarrow
28:56 Caravan
29:42 Gold Mining
31:37 Gold Shaft Mining
30:53 Stone Mining
35:14 Imperial Age
33:05 Padded Archer Armor
33:31 Bloodlines
33:29 Husbandry
34:40 Ballistics
34:39 Thumb Ring
34:27 Fletching
35:13 Bodkin Arrow
35:33 Leather Archer Armor
36:19 Bracer
36:47 Conscription
37:21 Siege Engineers
38:30 Chemistry
38:07 Parthian Tactics
37:54 Capped Ram
39:20 Elite Mangudai
41:05 Drill
40:26 Siege Ram
seyyarvatandas
0:40 Loom
12:27 Feudal Age
14:32 Double-Bit Axe
17:30 Castle Age
19:19 Bow Saw
19:08 Horse Collar
22:22 Scale Barding Armor
24:17 Town Watch
25:30 Forging
25:35 Town Patrol
29:02 Bloodlines
29:06 Elite Skirmisher
29:40 Fletching
29:51 Padded Archer Armor
31:16 Chain Barding Armor
31:43 Ballistics
32:30 Gold Mining
32:33 Stone Mining
35:41 Pikeman
37:28 Scale Mail Armor
38:04 Iron Casting
38:25 Squires
38:43 Bodkin Arrow
42:00 Imperial Age
40:13 Wheelbarrow
39:59 Chain Mail Armor
41:20 Fortified Wall
42:57 Onager
44:26 Siege Onager
45:49 Siege Engineers
46:43 Halberdier
47:56 Gambesons
48:45 Plate Mail Armor
49:16 Blast Furnace
Mebossmer
5:26 Loom
11:58 Feudal Age
12:29 Double-Bit Axe
18:18 Wheelbarrow
19:56 Horse Collar
22:46 Castle Age
21:56 Stone Mining
21:57 Gold Mining
25:52 Stone Shaft Mining
26:45 Hand Cart
29:49 Imperial Age
29:11 Murder Holes
29:55 Bow Saw
29:47 Heavy Plow
30:48 Masonry
31:06 Conscription
34:31 Chemistry
34:07 Husbandry
35:26 Pikeman
36:45 Bloodlines
37:08 Cavalier
38:54 Architecture
39:04 Halberdier
41:24 Elite Conquistador
44:39 Two-Man Saw
Spongeleon ッ
15:45 Feudal Age
17:01 Horse Collar
19:01 Double-Bit Axe
26:56 Castle Age
26:59 Wheelbarrow
27:13 Bloodlines
28:23 Stone Mining
28:25 Gold Mining
29:22 Scale Barding Armor
31:14 Heavy Plow
33:09 Hand Cart
33:41 Chain Barding Armor
35:01 Forging
37:39 Iron Casting
37:14 Grand Trunk Road
42:22 Imperial Age
42:37 Heavy Camel Rider
42:51 Elite Skirmisher
45:13 Plate Barding Armor
GenosseFelix
11:27 Feudal Age
12:36 Double-Bit Axe
17:12 Castle Age
14:59 Loom
16:24 Horse Collar
17:02 Fletching
21:43 Bodkin Arrow
23:00 Wheelbarrow
24:00 Heavy Plow
24:42 Ballistics
31:07 Imperial Age
28:37 Murder Holes
29:28 Scale Barding Armor
29:34 Forging
30:34 Bloodlines
30:27 Husbandry
30:23 Light Cavalry
31:28 Chain Barding Armor
31:44 Iron Casting
32:24 Hussar
38:40 Blast Furnace
40:05 Bracer
40:25 Capped Ram
44:26 Drill
44:35 Conscription
Connection lost

Rejoining the realm…

Still unreachable

The connection could not be restored.

Session expired

The server has moved on; the page needs a fresh start.